 Dungeon Crawl Stone Soup version 0.31-a0-240-gb923e448b6 (webtiles) character file.

Game seed: 11818569732047662038

53 qw the Shooter (level 3, -2/29 HPs)
             Began as a Minotaur Hexslinger on July 11, 2023.
             Slain by Sigmund
             ... wielding a +0 scythe
              (4 damage)
             ... on level 3 of the Dungeon.
             The game lasted 00:00:32 (1379 turns).

qw the Shooter (Minotaur Hexslinger)                Turns: 1379, Time: 00:00:33

Health: -2/29      AC:  6    Str: 12    XL:     3   Next: 62%
Magic:  3/3        EV: 16    Int: 10    God:
Gold:   89         SH:  0    Dex: 14    Spells: 3/4 levels left

rFire   . . .        Y - +3 sling
rCold   . . .        (no shield)
rNeg    . . .        g - +0 ring mail
rPois   .            (helmet restricted)
rElec   .            (no cloak)
rCorr   .            h - +0 pair of gloves
SInv    .            (no boots)
Will    .....        (no amulet)
Stlth   +            d - +5 ring of evasion
HPRegen 0.24/turn    (no ring)
MPRegen 0.08/turn

%: no passive effects
@: no status effects
A: horns 2, retaliatory headbutt
a: no special abilities


You were on level 3 of the Dungeon.
You visited 1 branch of the dungeon, and saw 3 of its levels.

You collected 89 gold pieces.


Innate Abilities, Weirdness & Mutations

You have a pair of horns on your head.
You reflexively headbutt those who attack you in melee.


   Skills:
 - Level 2.0 Fighting
 + Level 4.0 Ranged Weapons
 - Level 1.0 Armour
 - Level 2.1 Dodging
 - Level 1.0 Spellcasting
 - Level 2.0 Hexes


You had 3 spell levels left.
You knew the following spells:

 Your Spells              Type           Power      Damage    Failure   Level
a - Slow                  Hex            16%        N/A       34%         1

Your spell library contained the following spells:

 Spells                   Type           Power      Damage    Failure   Level
 Inner Flame              Hex/Fire       2%         N/A       83%         3
 Portal Projectile        Hex/Tloc       4%         N/A       83%         3
 Cause Fear               Hex            2%         N/A       98%         4

Inventory:

Hand Weapons
 Y - a +3 sling (weapon)
Armour
 g - a +0 ring mail (worn)
 h - a +0 pair of gloves (worn)
Jewellery
 d - a +5 ring of evasion (left hand)
Scrolls
 a - a scroll of identify
Potions
 b - a potion of heal wounds {unknown}
 e - a potion of haste
 f - a potion of brilliance {unknown}
 k - a potion of cancellation {unknown}
 l - a potion of attraction {unknown}

Dungeon Overview and Level Annotations

Branches:
Dungeon (3/15)

Altars:

Annotations:
D:3 Sigmund


Message History

The puff of flame hits you!
You shoot a sling bullet.
A magic dart appears from out of thin air!
The magic dart hits you! Something barely misses you.
You shoot a sling bullet. You shoot a sling bullet.
You hear some strange, mumbled words.
A puff of flame appears from out of thin air!
The puff of flame hits you. Something barely misses you.
You shoot a sling bullet. Something barely misses you.
You shoot a sling bullet. You shoot a sling bullet. Something hits you.
You shoot a sling bullet. Something barely misses you.
You shoot a sling bullet.
You hear some strange, mumbled words.
You are confused.
You shoot a sling bullet. Something closely misses you.
You shoot a sling bullet. Something closely misses you.
You shoot a sling bullet. Something barely misses you.
You shoot a sling bullet. Something hits you but does no damage.
You shoot a sling bullet. Something hits you but does no damage.
You shoot a sling bullet.
You feel less confused. Something barely misses you.
You shoot a sling bullet. You shoot a sling bullet. Something hits you.
You shoot a sling bullet. Something hits you.
You shoot a sling bullet. Something hits you.
You die...

#...##... #........
##### #.......# #...#
#.......# ....#
#.......+ ##...#
#......{# #....#
#.......# ###....#
+......@# #..<...#
#.......######.##...#
#.......##.....##...#
#.......'..##########
#.....(.##....#
#.......##....#
+.......#######
#.......# #########


There were no monsters in sight!

Vanquished Creatures
  4 worms (D:2)
  A dart slug (D:1)
  A ball python (D:1)
  5 bats
  An endoplasm (D:2)
  9 giant cockroaches
  2 goblins
  A hobgoblin (D:2)
  4 quokkas
  2 frilled lizards (D:1)
  4 kobolds
  4 rats
38 creatures vanquished.

Notes
Turn   | Place    | Note
-------+----------+-------------------------------------------
     0 | D:1      | qw the Minotaur Hexslinger began the quest for the Orb.
     0 | D:1      | Reached XP level 1. HP: 16/16 MP: 1/1
     0 | D:1      | 0 ||| qw: Version: 0.3-a-52-g30416fa
     0 | D:1      | 0 ||| qw: Game counter: 6013
     0 | D:1      | 0 ||| qw: Melee chars always use a shield: true
     0 | D:1      | 0 ||| qw: God list: Okawaru
     0 | D:1      | 0 ||| qw: Allow faded altars: false
     0 | D:1      | 0 ||| qw: Do Orc after clearing Dungeon:15 true
     0 | D:1      | 0 ||| qw: Do second Lair branch before Depths: true
     0 | D:1      | 0 ||| qw: Lair rune preference: random
     0 | D:1      | 0 ||| qw: Goals: Normal
     0 | D:1      | 0 ||| PLANNING D:1-11
    13 | D:1      | Found a faded altar of an unknown god.
    93 | D:1      | Reached skill level 3 in Ranged Weapons
    93 | D:1      | Reached XP level 2. HP: 18/23 MP: 2/2
   537 | D:1      | 537 ||| UPGRADING to +0 ring mail.
   547 | D:1      | 547 ||| DROPPING +0 robe.
   548 | D:1      | 548 ||| UPGRADING to +0 pair of gloves.
   553 | D:1      | 553 ||| UPGRADING to +5 ring of evasion.
   554 | D:1      | 554 ||| READING 2 scrolls labelled MUSTUPS VEOZIMN.
   555 | D:1      | 555 ||| READING scroll labelled TEFEHA NOSOTZ.
   556 | D:1      | 556 ||| READING scroll labelled POCZOE ENAGUS.
   557 | D:1      | 557 ||| DRINKING 2 fizzy green potions.
   558 | D:1      | 558 ||| DROPPING scroll of immolation.
   559 | D:1      | 559 ||| DROPPING scroll of poison.
   607 | D:2      | Reached XP level 3. HP: 13/29 MP: 3/3
   764 | D:2      | 764 ||| READING scroll of enchant weapon.
   764 | D:2      | 764 ||| ENCHANTING +2 sling.
   833 | D:2      | Reached skill level 4 in Ranged Weapons
  1159 | D:2      | Reached skill level 1 in Armour
  1310 | D:2      | 1310 ||| READING 2 scrolls labelled BOCAOF HY WOSA.
  1311 | D:2      | 1311 ||| READING scroll labelled VECLON MAZYITA.
  1314 | D:2      | 1314 ||| READING scroll labelled YGAUWU AKLEIBBEG.
  1315 | D:2      | 1315 ||| READING scroll labelled ILEBUNOAMN.
  1354 | D:3      | Noticed Sigmund
  1367 | D:3      | HP: 4/29 [something (6)]
  1377 | D:3      | HP: 3/29 [something (5)]
  1379 | D:3      | Slain by Sigmund

Levels and vault maps discovered:
D:1:      dpeg_arrival_simpleton_c, layout_loops_ring,
          ebering_ecumenical_altar_mist
D:2:      layout_basic, amcnicky_mini_corridor_feature, minmay_worlds_worst_comb
D:3:      layout_basic, nicolae_overflow_ecumenical_swirl, uniq_jessica,
          uniq_sigmund, uniq_robin

Skill      XL: |  1  2  3 |
---------------+----------+-----
Ranged Weapons | 3 4 |  4.0
Fighting       | 2 |  2.0
Armour         | 1 |  1.0
Dodging        | |  2.1
Spellcasting   | |  1.0
Hexes          | |  2.0

Action                     || total
---------------------------++-------
   Fire: Sling             ||   129
    Use: Scroll            ||     8
         Potion            ||     1
 Armour: Robe              ||     2
         Ring mail         ||    13
  Dodge: Dodged            ||    56

Table legend:
 A = Non-vault XP
 B = Vault XP
 C = Vault XP percentage of total XP
 D = Non-vault monster count
 E = Vault monster count
 F = Vault count percentage of total count
                 A         B        C        D         E       F
            +---------+---------+-------+---------+---------+-------
      Total |      66 |      10 |  13.2 |      33 |       5 |  13.2
            +---------+---------+-------+---------+---------+-------
        D:1 |      29 |       0 |   0.0 |      17 |       0 |   0.0
        D:2 |      35 |      10 |  22.2 |      15 |       5 |  25.0
        D:3 |       2 |       0 |   0.0 |       1 |       0 |   0.0
            +---------+---------+-------+---------+---------+-------
